 Dungeon Crawl Stone Soup version 0.29.1-1-gd02db6906a (webtiles) character file.

Game seed: 1607897378596910782

85 Worf the Twirler (level 4, 0/37 HPs)
             Began as a Hill Orc Gladiator on Sept 26, 2022.
             Was an Initiate of Beogh.
             Slain by a phantom (3 damage)
             ... on level 3 of the Dungeon.
             The game lasted 00:04:43 (1517 turns).

Worf the Twirler (Hill Orc Gladiator)               Turns: 1517, Time: 00:04:44

Health: 0/37       AC:  4    Str: 16    XL:     4   Next: 48%
Magic:  4/4        EV: 12    Int: 10    God:    Beogh [......]
Gold:   59         SH:  0    Dex: 12    Spells: 3/3 levels left

rFire   . . .      SeeInvis .   a - +0 quarterstaff
rCold   . . .      Faith    .   (shield currently unavailable)
rNeg    . . .      Spirit   .   b - +0 leather armour
rPois   +          Reflect  .   c - +0 helmet
rElec   .          Harm     .   (no cloak)
rCorr   .          Rampage  .   (no gloves)
Will    +....                   (no boots)
Stlth   +.........              (no amulet)
HPRegen 0.12/turn               f - ring of Ydwuxka {rPois Will+}
MPRegen 0.09/turn               (no ring)

@: no status effects
A: no striking features
a: Renounce Religion


You were on level 3 of the Dungeon.
You worshipped Beogh.
Beogh was noncommittal.
You visited 1 branch of the dungeon, and saw 4 of its levels.

You collected 59 gold pieces.

Inventory:

Hand Weapons
 a - a +0 quarterstaff (weapon)
Missiles
 d - 2 throwing nets (quivered)
 e - a javelin
Armour
 b - a +0 leather armour (worn)
 c - a +0 helmet (worn)
Jewellery
 f - the ring of Ydwuxka (left hand) {rPois Will+}
   (You acquired it on level 1 of the Dungeon)

   [ring of willpower]

   rPois:     It protects you from poison.
   Will:      It increases your willpower.
Scrolls
 g - 2 scrolls of identify


   Skills:
 * Level 2.9 Fighting
 * Level 3.4 Staves
 * Level 2.0 Throwing
 * Level 1.6 Armour
 * Level 2.8 Dodging
 * Level 0.9 Stealth


You had 3 spell levels left.
You didn't know any spells.
Your spell library was empty.

Dungeon Overview and Level Annotations

Branches:
Dungeon (4/15)
 Temple: D:4-7

Altars:
Uskayaw


Message History

You hit the phantom but do no damage.
The phantom is moderately damaged.
The phantom misses you.
You sock the phantom!
The phantom is severely damaged.
The phantom hits you.
You hit the phantom.
The phantom is almost destroyed.
The phantom closely misses you.
You hit the phantom.
The phantom is almost destroyed.
The phantom hits you.
The phantom blinks!
You blink.
The phantom closely misses you. The phantom hits you.
* * * LOW HITPOINT WARNING * * *
You hit the phantom but do no damage.
The phantom is almost destroyed.
The phantom hits you.
* * * LOW HITPOINT WARNING * * *
You feel better. The phantom closely misses you.
You barely miss the phantom.
The phantom is almost destroyed.
The phantom closely misses you. The phantom misses you.
You barely miss the phantom.
The phantom is almost destroyed.
The phantom misses you.
You barely miss the phantom.
The phantom is almost destroyed.
The phantom barely misses you.
You barely miss the phantom.
The phantom is almost destroyed.
The phantom completely misses you.
You closely miss the phantom.
The phantom is almost destroyed.
The phantom hits you.
* * * LOW HITPOINT WARNING * * *
You barely miss the phantom.
The phantom is almost destroyed.
The phantom hits you.
You die...

#.....# #.....### ##........
#####..≈≈≈≈≈≈≈
#......≈...... ####
+......≈.##### ≈.# #...
#......≈.....#.≈.# ....
#......≈.#._.#.≈.##..##
.##.....@≈.#.....≈.##..#.
...........W≈.#####.≈..#..#.
###.#######.≈.......≈.##..#.
# #..≈≈≈≈≈≈≈≈.##..#.
#...........##..#.
##....#.##.###..#.
####.#.##.###....
#.#.......#.#.
#.####.##.###.


You could see a phantom.

Vanquished Creatures
  An orc priest (D:4)
  An adder (D:3)
  2 dart slugs
  2 bats
  2 endoplasms
  A giant cockroach (D:1)
  3 goblins
  A hobgoblin (D:3)
  A quokka (D:1)
  2 ball pythons
  A frilled lizard (D:1)
  3 kobolds (D:1)
  4 rats (D:3)
24 creatures vanquished.

Vanquished Creatures (collateral kills)
  An orc wizard (D:4)
  An orc (D:4)
2 creatures vanquished.

Vanquished Creatures (others)
  An orc priest (D:4)
1 creature vanquished.

Grand Total: 27 creatures vanquished

Notes
Turn   | Place    | Note
-------+----------+-------------------------------------------
     0 | D:1      | Worf the Hill Orc Gladiator began the quest for the Orb.
     0 | D:1      | Reached XP level 1. HP: 18/18 MP: 1/1
   404 | D:1      | Reached XP level 2. HP: 4/25 MP: 2/2
   679 | D:1      | Identified a scroll of acquirement
   681 | D:1      | Acquired the ring of Ydwuxka {rPois Will+}
  1102 | D:3      | Reached skill level 3 in Staves
  1179 | D:4      | Became a worshipper of Beogh the Brigand
  1196 | D:4      | Reached skill level 1 in Armour
  1196 | D:4      | Reached XP level 3. HP: 19/30 MP: 3/3
  1208 | D:4      | Reached XP level 4. HP: 25/37 MP: 4/4
  1482 | D:3      | Noticed a phantom
  1483 | D:3      | Found a hide-covered altar of Uskayaw.
  1517 | D:3      | Slain by a phantom

Illustrated notes

Levels and vault maps discovered:
D:1:      minmay_arrival_four_loops, layout_loops_ring, minmay_pentomino_p4
D:2:      layout_loops_cross, chequers_big_river, dk_noncrumbling_3, uniq_robin
D:3:      layout_basic, mainiacjoe_overflow_brackets,
          chequers_ecumenical_altar_simple
D:4:      layout_basic

Skill      XL: |  1  2  3 |
---------------+----------+-----
Staves         | 3 |  3.4
Armour         | 1 |  1.6
Throwing       | 2 |  2.0
Fighting       | |  2.9
Dodging        | |  2.8
Stealth        | |  0.9

Action                   |  1- 3 |  4- 6 || total
-------------------------+-------+-------++-------
Melee: Quarterstaff      |    55 |    36 ||    91
Throw: Throwing net      |     2 |       ||     2
Invok: Convert to Beogh  |     1 |       ||     1
  Use: Scroll            |     6 |     1 ||     7
       Potion            |       |     1 ||     1
Armor: Leather armour    |    15 |     5 ||    20
Dodge: Dodged            |    34 |    25 ||    59
